 Dungeon Crawl Stone Soup version 0.20-a0-502-g555d78b (webtiles) character file.

28 Ijustatesigmund the Magician (level 3, -3/16 HPs)
             Began as a Spriggan Wizard on Jan 20, 2017.
             Slain by a worm (7 damage)
             ... on level 2 of the Dungeon.
             The game lasted 00:03:18 (1558 turns).

Ijustatesigmund the Magician (Spriggan Wizard)      Turns: 1558, Time: 00:03:18

Health: -3/16      AC:  2    Str:  3    XL:     3   Next: 0%
Magic:  0/10       EV: 18    Int: 20    God:
Gold:   53         SH:  0    Dex: 14    Spells: 7/12 levels left

rFire    . . .     SeeInvis +   k - +0 short sword
rCold    . . .     Gourm    .   a - +0 robe
rNeg     . . .     Faith    .   (shield restricted)
rPois    .         Spirit   .   b - +0 hat
rElec    .         Reflect  .   (no cloak)
rCorr    .         Harm     .   (gloves unavailable)
MR       .....                  (boots unavailable)
Stlth    ++........             (no amulet)
Regen    0.1/turn               (no ring)
                                (no ring)

@: very slightly contaminated, very quick
A: unfitting armour, see invisible, herbivore 3, speed 3, slow metabolism 2
a: no special abilities


You were on level 2 of the Dungeon.
You were not hungry.

You visited 1 branch of the dungeon, and saw 2 of its levels.

You collected 53 gold pieces.

Inventory:

Hand Weapons
 k - a +0 short sword (weapon)
Missiles
 j - 13 sling bullets
Armour
 a - a +0 robe (worn)
 b - a +0 hat (worn)
Scrolls
 i - a scroll of amnesia {unknown}
Potions
 e - a potion of resistance {unknown}
 f - a potion of cure mutation {unknown}
Books
 c - a book of Minor Magic

   Spells                             Type                      Level
   a - Magic Dart                     Conjuration                  1
   b - Blink                          Translocation                2
   c - Call Imp                       Summoning                    2
   d - Repel Missiles                 Charms/Air                   2
   e - Slow                           Hexes                        2
   f - Conjure Flame                  Conjuration/Fire             3
   g - Mephitic Cloud                 Conjuration/Poison/Air       3
Comestibles
 d - a bread ration
 h - 3 fruits


   Skills:
 - Level 3.0 Dodging
 - Level 3.0 Stealth
 + Level 5.3 Spellcasting
 - Level 0.6 Conjurations
   Level 0.7 Summonings
 - Level 1.5 Translocations


You had 7 spell levels left.
You knew the following spells:

 Your Spells              Type           Power        Failure   Level  Hunger
a - Magic Dart            Conj           #...         12%         1    None
b - Blink                 Tloc           N/A          12%         2    None
c - Repel Missiles        Chrm/Air       #.....       21%         2    None


Dungeon Overview and Level Annotations

Branches:
Dungeon (2/15)

Altars:


Innate Abilities, Weirdness & Mutations

You are very small and have problems with some larger weapons.
You are too small for most types of armour.
You have supernaturally acute eyesight. (SInv)
You are a herbivore.
You cover ground extremely quickly.
You need consume almost no food.


Message History

The giant cockroach barely misses you.
Casting: Magic Dart
Confirm with . or Enter, or press ? or * to list all spells.
Aiming: Magic Dart
Press: ? - help, Shift-Dir - straight line, f/p - worm
Aim: a worm (moderately wounded)
The magic dart hits the worm.
The worm is moderately wounded.
The giant cockroach waves its antennae.
The giant cockroach completely misses you.
The worm bites you.
* * * LOW HITPOINT WARNING * * *
Casting: Magic Dart
Confirm with . or Enter, or press ? or * to list all spells.
Aiming: Magic Dart
Press: ? - help, Shift-Dir - straight line, f/p - worm
Aim: a worm (moderately wounded)
You miscast Magic Dart.
Nothing appears to happen.
The giant cockroach misses you. The worm bites you!
You die...

#. ####. ..$.
... # #.. .# #..
#####.(###
###$s##†........
#...w@..<....#
###..##.##.###
#.. #.# # #..
#.# #.. #.# ...
#.. #### ###


You could see a worm and a giant cockroach.

Vanquished Creatures
  2 dart slugs (D:1)
  A leopard gecko (D:1)
  5 bats
  3 giant cockroaches (D:1)
  3 hobgoblins (D:1)
  2 goblins (D:1)
  A kobold (D:1)
  6 rats (D:1)
23 creatures vanquished.

Notes
Turn   | Place    | Note
-------+----------+-------------------------------------------
     0 | D:1      | Ijustatesigmund the Spriggan Wizard began the quest for the Orb.
     0 | D:1      | Reached XP level 1. HP: 9/9 MP: 6/6
   358 | D:1      | Reached XP level 2. HP: 13/13 MP: 5/8
   686 | D:1      | Learned a level 2 spell: Blink
   689 | D:1      | Learned a level 2 spell: Repel Missiles
   840 | D:1      | Reached skill level 5 in Spellcasting
  1506 | D:2      | Reached XP level 3. HP: 16/16 MP: 5/10
  1558 | D:2      | Slain by a worm

Vault maps used:
D:1:      onia_arrival_mini_spirals, minmay_misc_feat_tower, st_stairs_14,
          roderic_chinese_pattern_swastika, glass_columns_a
D:2:      bh_walls_and_bars

Skill      XL: |  1  2 |
---------------+-------+-----
Spellcasting   | 5 |  5.3
Dodging        | |  3.0
Stealth        | |  3.0
Conjurations   | |  0.6
Summonings     | |  0.7
Translocations | |  1.5

Action                   || total
-------------------------++-------
Melee: Dagger            ||    31
 Cast: Magic Dart        ||    70
 Stab: Sleeping          ||     3
Armor: Robe              ||     7
Dodge: Dodged            ||    56
